[Event "44th Chess Olympiad Women 2022"]
[Site "Chennai"]
[Date "2022.08.01"]
[Round "4.17"]
[White "Toro Pradenas, Maria Jose"]
[Black "Nguyen, Thien Ngan"]
[Result "1-0"]
[ECO "C77"]
[WhiteElo "1945"]
[BlackElo "1912"]
[Annotator "TA"]
[PlyCount "83"]
[EventDate "2022.07.29"]
[EventType "team-tourn"]
[EventCountry "IND"]
[SourceTitle "playchess.com"]
[Source "ChessBase"]
[SourceQuality "1"]
[WhiteTeam "Chile"]
[BlackTeam "Vietnam"]
[WhiteTeamCountry "CHI"]
[BlackTeamCountry "VIE"]
[TimeControl "40/5400+30:1800+30"]

1. e4 e5 2. Nf3 Nc6 3. Bb5 a6 4. Ba4 Nf6 5. d3 b5 6. Bb3 Be7 7. O-O d6 8. c3 O-O 9. Nbd2 {[%emt 0:04:31] 9.h3 is a critical line.} Bb7 {[%emt 0:03:33] C77: Ruy Lopez: 3...a6 4 Ba4 Nf6, unusual lines.} 10. d4 Re8 {[%emt 0:05:34] [#]} 11. Bc2 $146 ({Predecessor:} 11. Re1 exd4 12. Nxd4 Nxd4 13. cxd4 Bf8 14. Bc2 c5 15. d5 Nd7 16. Nf3 Ne5 17. Nxe5 dxe5 {1-0 (48) Del Carril,J (2000)-Salomone,N (1730) SEMI email 1998}) 11... Bf8 {[%emt 0:00:29] The position is equal.} 12. d5 Nb8 13. b3 c6 14. c4 Nbd7 15. Re1 g6 16. Nf1 Nb6 17. Bd3 Bg7 18. Bd2 (18. Bg5 $11 {keeps the balance.}) 18... Nfd7 (18... cxd5 $17 19. cxd5 Nbxd5 $1 20. exd5 e4) 19. Rc1 Rc8 (19... bxc4 $11 20. bxc4 a5) 20. Ne3 {[%emt 0:04:46] White is more active.} (20. dxc6 $16 Bxc6 21. cxb5 Bxb5 22. Bxb5 axb5 23. Qe2) 20... cxd5 $1 $14 21. Nxd5 (21. cxd5 {looks sharper.} Rxc1 22. Qxc1 Nc5 23. Bc2) 21... Nxd5 22. cxd5 Rxc1 23. Qxc1 Nc5 24. Bb1 Qd7 (24... f5 {seems wilder.} 25. exf5 e4 26. b4 exf3 27. bxc5 dxc5 28. Qxc5 Rxe1+ 29. Bxe1 Bxd5 30. fxg6 hxg6 31. Bxg6 fxg2 32. Bb1 Be5) 25. Bb4 Rc8 {[%emt 0:00:24][%cal Oc5e4] ...Nxe4! is the strong threat.} 26. Qg5 f6 27. Qg3 Qd8 28. h4 a5 29. Bd2 b4 30. h5 g5 {[%emt 0:02:05] [#]} (30... gxh5 $16 {was called for.} 31. Nh4 Rc7) 31. Nxg5 $1 $18 fxg5 (31... Qe8 32. h6) 32. Bxg5 $40 {[%emt 0:00:03][%mdl 128] White attacks with force.} Qe8 33. h6 {[%emt 0:02:32][%mdl 1024] White has strong compensation.} Bf8 $2 (33... Bh8) 34. Qh4 {[%emt 0:01:19] Black must now prevent Re3.} Qg6 {[%emt 0:00:31] [#]} (34... Nxb3 $142 35. axb3 Rc3) 35. Re3 $1 Nd7 36. Rg3 Kh8 37. Bd3 {[%emt 0:03:46][%cal Bb1d3,Bd3b5,Bb5d7,Bd7e6][%mdl 32] aiming for Bb5.} Qf7 38. Bb5 {[%emt 0:00:17] White threatens Bxd7 and mate.} Bxh6 39. Qxh6 {[%emt 0:00:18] Threatening mate with Bxd7.} Rg8 40. Bxd7 {[%emt 0:00:13] White mates.} Rg6 41. Be6 Qe8 42. Bf6+ {[%emt 0:00:16] Weighted Error Value: White=0.15 (very precise) /Black=0.49} 1-0

[Event "44th Chess Olympiad Women 2022"]
[Site "Chennai"]
[Date "2022.08.01"]
[Round "4.33"]
[White "Yu, Weiyang"]
[Black "Norlamo, Sarabella"]
[Result "0-1"]
[ECO "C79"]
[WhiteElo "1504"]
[BlackElo "1925"]
[Annotator "TA"]
[PlyCount "118"]
[EventDate "2022.07.29"]
[EventType "team-tourn"]
[EventCountry "IND"]
[SourceTitle "playchess.com"]
[Source "ChessBase"]
[SourceQuality "1"]
[WhiteTeam "New Zealand"]
[BlackTeam "Finland"]
[WhiteTeamCountry "NZL"]
[BlackTeamCountry "FIN"]
[TimeControl "40/5400+30:1800+30"]

1. e4 e5 2. Nf3 Nc6 3. Bb5 a6 4. Ba4 Nf6 5. O-O b5 6. Bb3 Be7 7. d4 d6 8. c3 exd4 9. cxd4 Bg4 {[%emt 0:07:05] C79: Ruy Lopez: Steinitz-type lines with 3...a6 4 Ba4 Nf6 5 0-0 d6.} 10. Be3 Na5 (10... Nxe4 $2 11. Qc2 Qd7 12. Qxe4 $18) 11. Bc2 Nc4 {[%emt 0:00:05] White is slightly better.} 12. b3 (12. Bc1 $14) 12... Nxe3 $15 13. fxe3 {[%emt 0:00:06] [#]} Bh5 $146 ({Predecessor:} 13... O-O 14. Nc3 Nd7 15. Qe1 c5 16. Qg3 Bh5 17. e5 dxe5 18. Nxe5 Bd6 19. Qh3 Nf6 {0-1 (30) Kriviciute,V (1779)-Juknaite,A (1655) Birzai 2011}) 14. Qe1 Bg6 15. Nbd2 d5 16. Ne5 Bb4 (16... dxe4 $11 17. Nxe4 (17. Nxg6 hxg6 18. Nxe4 Nd5 $11) 17... Qd5 18. Nxf6+ (18. Nxg6 hxg6 19. Rf4 Qe6 $11) 18... Bxf6 19. Bxg6 hxg6) 17. Nxg6 $14 hxg6 18. Qf2 $2 (18. e5 $1 $16 {[%cal Re5f6] is forced if you want to stay better.}) 18... Bxd2 (18... Qe7 $1 $17 {...Ng4 is the strong threat.} 19. h3 dxe4) 19. e5 $15 Bxe3 20. Qxe3 $14 Ng4 21. Qf4 {[%emt 0:02:26][%csl Gf1,LRf7,LRg4][%cal Rf4f7][%mdl 1024] White has compensation.} Nh6 22. e6 (22. Bd3 $14) 22... O-O 23. Qe5 $36 {[%emt 0:09:52][%mdl 2048] Threatens to win with e7. White has good play.} f6 (23... Qh4 $11) 24. Qg3 (24. Qe2 $16 {aiming for e7.} Qe7 25. Bxg6) 24... g5 (24... f5 $11) 25. Qd3 (25. Rae1 $16 Qe7 26. Qf3 (26. Qd3 f5 $14)) 25... f5 $11 26. Rae1 Qe7 27. Qh3 f4 $2 {[%emt 0:03:03][%mdl 8192] [#]} (27... g4 $11 {and Black has nothing to worry.} 28. Qh5 Rf6) 28. Qd3 $1 $18 Nf5 29. Re5 $2 (29. Qh3 g6 $11) (29. g4 $18) 29... g6 $14 30. Rxd5 (30. Qh3 $1 $14) 30... Qxe6 $15 31. Re5 Qd6 {[%emt 0:00:27] Black is more active.} 32. b4 (32. Qe4 $15) 32... Qxd4+ $2 (32... Kg7 $17 33. Rc5 Rae8) 33. Qxd4 $11 Nxd4 34. Bxg6 Kg7 35. Be4 (35. Rxg5 $11 Kh6 36. h4) 35... Kf6 $15 36. Rc5 ({Reject} 36. Rd5 Ne2+ 37. Kf2 Nc3 38. Rf5+ Ke6 39. Rxf8 Nxe4+ 40. Kf3 Nd2+ 41. Ke2 Rxf8 $17) 36... Ra7 (36... Rae8 $15 37. Bb7 Rh8) 37. Rd1 Rd8 38. Bd5 Ne6 39. Rc6 Rd6 40. Re1 ({White should try} 40. Rxd6 $1 $15 cxd6 41. Bf3) 40... Rxc6 $19 ({Worse is} 40... Rxd5 41. Rexe6+ Kf5 42. Re2 $15) 41. Bxc6 {[%emt 0:30:17][%mdl 4096] Endgame [#] KRB-KRN} Nd4 $1 42. Be4 (42. Bd5 {was necessary.}) 42... c6 43. Bf3 Nc2 (43... a5 $19 44. a3 Nc2) 44. Re4 (44. Rc1 $17 {is tougher.} Nd4 45. Rc3) 44... Re7 45. Rxe7 Kxe7 46. Bxc6 Nxb4 {[%emt 0:00:05] KB-KN} 47. Bb7 a5 48. a3 Nc2 49. g3 fxg3 50. hxg3 Nxa3 {[%emt 0:00:12] Black mates.} 51. Bd5 Kd6 52. Bg8 a4 53. Kf2 b4 54. Ke2 b3 55. Kd2 b2 56. Bh7 b1=Q 57. Bxb1 Nxb1+ 58. Kc2 Na3+ 59. Kb2 Nb5 {[%emt 0:00:12] Quite a comeback for Black.  Weighted Error Value: White=0.88/Black=0.42} 0-1

[Event "44th Chess Olympiad Women 2022"]
[Site "Chennai"]
[Date "2022.08.01"]
[Round "4.34"]
[White "Munoz Santana, Doribel"]
[Black "Bobomurodova, Maftuna"]
[Result "0-1"]
[ECO "D11"]
[WhiteElo "1851"]
[BlackElo "1914"]
[Annotator "TA"]
[PlyCount "52"]
[EventDate "2022.07.29"]
[EventType "team-tourn"]
[EventCountry "IND"]
[SourceTitle "playchess.com"]
[Source "ChessBase"]
[SourceQuality "1"]
[WhiteTeam "Dominican Republic"]
[BlackTeam "Uzbekistan"]
[WhiteTeamCountry "DOM"]
[BlackTeamCountry "UZB"]
[TimeControl "40/5400+30:1800+30"]

1. d4 Nf6 2. Nf3 d5 3. g3 Bf5 4. Bg2 e6 5. O-O Nbd7 6. Nbd2 h6 7. c4 c6 8. a3 {[%emt 0:03:08] D11: Slav Defence: 3 Nf3 sidelines and 3...Nf6 4 e3 Bg4.} Be7 9. b4 a5 10. bxa5 (10. Bb2 $1 $11) 10... Qxa5 $15 11. Qb3 O-O {[%emt 0:02:37] [#] Black is more active.} 12. cxd5 $146 ({Predecessor:} 12. Ne5 Nxe5 13. dxe5 Nd7 14. Qxb7 Ra7 15. Qb3 Rb8 16. Qe3 Bc5 17. Nb3 Qxa3 18. Rxa3 Bxe3 19. Rxa7 Bxa7 {0-1 (27) Micek,J (1791)-Horvath,A (2421) Slovakia 2004}) 12... cxd5 13. Ne5 Nb6 14. f3 (14. Nb1 $142) 14... Bb4 {[%emt 0:11:09] [#] ...Bc3 is the strong threat.} 15. e4 {[%emt 0:09:28] Hoping for Qe3.} Bc3 ({Worse is} 15... Bxd2 16. Bxd2 (16. exf5 Nc4 $15) 16... Qxd2 17. Rfd1 $15) 16. Bb2 Bxd2 17. exf5 exf5 18. Rad1 {[%emt 0:06:25] [#] Threatens to win with Qd3.} Na4 (18... Nc4 $17 {And now ...Rfc8 would win.} 19. Nxc4 dxc4 20. Qxc4 f4) 19. Ba1 Bc3 20. Bxc3 (20. Kh1 $142) 20... Qxc3 ({Black should try} 20... Nxc3 $17 21. Rd3 Rfc8 22. Qxb7 Rc7) 21. Rd3 Qc7 22. Rb1 b6 ({Black should play} 22... Rfc8 $15) 23. Bf1 $11 Rfc8 24. Re1 Ra5 25. Rd2 (25. Rde3 $14) 25... Qc3 26. Rd3 $2 Qxe1 {[%emt 0:00:09] Weighted Error Value: White=0.54/Black=0.21 (precise)} 0-1

[Event "44th Chess Olympiad Women 2022"]
[Site "Chennai"]
[Date "2022.08.01"]
[Round "4.40"]
[White "Petricenco, Ana"]
[Black "Rondon Chacon, Yolys Desiree"]
[Result "1/2-1/2"]
[ECO "B01"]
[WhiteElo "1912"]
[BlackElo "1688"]
[Annotator "TA"]
[PlyCount "89"]
[EventDate "2022.07.29"]
[EventType "team-tourn"]
[EventCountry "IND"]
[SourceTitle "playchess.com"]
[Source "ChessBase"]
[SourceQuality "1"]
[WhiteTeam "Moldova"]
[BlackTeam "Panama"]
[WhiteTeamCountry "MDA"]
[BlackTeamCountry "PAN"]
[TimeControl "40/5400+30:1800+30"]

1. e4 d5 2. exd5 Qxd5 3. Nc3 Qd6 4. d4 Nf6 5. Nf3 c6 6. g3 {[%emt 0:00:28] B01: Scandinavian Defence.} Bg4 7. Bg2 e6 8. O-O {[%emt 0:03:44] White is slightly better.} Qc7 9. h3 Bh5 10. Re1 Be7 11. Bf4 Qd8 {[%emt 0:01:30] [#]} (11... Bd6 $11) 12. Ne2 $146 ({Predecessor:} 12. g4 Bg6 13. Na4 Nd5 14. Be5 O-O 15. a3 Nd7 16. c4 N5b6 17. Qb3 Nxe5 18. dxe5 {½-½ (59) Antal,L (2179)-Nadassy,A (2048) Budapest 2011}) 12... O-O 13. c4 Nbd7 14. Nc3 Nb6 15. g4 Bg6 16. Ne5 Nfd7 17. Nxg6 {[%emt 0:05:50] White is much more active. The black rooks are badly placed.} hxg6 18. d5 cxd5 19. cxd5 e5 20. Bxe5 (20. d6 $16 Bh4 21. Bc1 (21. Bxe5 Nxe5 22. Rxe5 Bxf2+ 23. Kh1 Bg3 $11)) 20... Nxe5 $14 21. Rxe5 Nc4 22. Re4 Nd6 23. Re2 Re8 24. Qd3 Bf6 25. Rae1 Rxe2 26. Rxe2 Rc8 27. Rc2 Qc7 28. Rc1 Qb6 29. Rc2 Qc7 30. Bf3 Qe7 31. Kg2 Qc7 32. Bd1 {[%emt 0:01:09] Strongly threatening Ne4.} Qa5 33. Be2 Qc5 34. Kg1 Qa5 35. a3 Bxc3 {[%emt 0:01:01][%mdl 64] [#] Remove Defender} 36. Rxc3 Rxc3 37. Qxc3 Qxd5 $11 {[%emt 0:00:17][%mdl 4096] Endgame KQB-KQN} 38. Bf3 Qe6 39. Kg2 (39. Qc7 {keeps more tension.} Qb3 40. Kg2 Nc4 41. Bxb7 Qxb2 42. Qb8+) 39... b6 {[%emt 0:00:16] The position is equal.} 40. Qd3 Qe5 41. b3 Qc5 42. b4 Qe5 43. a4 Qf4 44. b5 Qe5 45. Bc6 {[%emt 0:00:00] Weighted Error Value: White=0.09 (flawless) /Black=0.07 (flawless)} 1/2-1/2

[Event "44th Chess Olympiad Women 2022"]
[Site "Chennai"]
[Date "2022.08.01"]
[Round "4.40"]
[White "Munoz Henriquez, Alba Esther"]
[Black "Mihailova, Alina"]
[Result "0-1"]
[ECO "C86"]
[WhiteElo "1588"]
[BlackElo "1926"]
[Annotator "TA"]
[PlyCount "62"]
[EventDate "2022.07.29"]
[EventType "team-tourn"]
[EventCountry "IND"]
[SourceTitle "playchess.com"]
[Source "ChessBase"]
[SourceQuality "1"]
[WhiteTeam "Panama"]
[BlackTeam "Moldova"]
[WhiteTeamCountry "PAN"]
[BlackTeamCountry "MDA"]
[TimeControl "40/5400+30:1800+30"]

1. e4 e5 2. Nf3 Nc6 3. Bb5 a6 4. Ba4 Nf6 5. Qe2 b5 6. Bb3 Be7 7. c3 O-O 8. O-O d5 9. exd5 Nxd5 10. Nxe5 Nxe5 $1 {[%emt 0:00:19] The main line 10...Nxe5 scores better than 10...Nf4.} 11. Qxe5 Nf6 12. d4 {[%emt 0:03:43] C86: Closed Ruy Lopez: Worrall Attack.} Re8 (12... Bd6 $5 13. Qg5 Re8 $11) 13. Qg3 (13. Bg5 $14 {was preferrable.}) 13... Bd6 $11 {[%emt 0:01:52][%mdl 1024] Black has compensation.} 14. Qd3 (14. Qh4 $11) 14... c5 $1 $15 {[%emt 0:07:02] [#] White must now prevent ...c4.} 15. Bc2 $146 ({Predecessor:} 15. Bd1 c4 16. Qc2 Bb7 17. Nd2 Qc7 18. g3 Ne4 19. Bf3 Ng5 20. Bxb7 Qxb7 21. Qf5 {1-0 (63) Wutz,C (2203)-Stoer,A (2152) Bayern 2011}) 15... c4 {[%emt 0:13:16] Black is more active.} 16. Qd1 Qc7 17. h3 Bb7 18. Nd2 Rad8 19. Nf3 Qc6 20. Bg5 {[%emt 0:07:34] And now Bxf6 would win.} Bb8 21. Re1 h6 22. Rxe8+ Rxe8 23. Be3 Nd5 24. Qd2 Qd6 (24... Nxe3 $11 25. fxe3 Qe6) 25. Re1 $1 $14 Ne7 {[%emt 0:01:17] Hoping for ...Bxf3.} 26. Qd1 Qd5 27. Bc1 f5 28. Qe2 Kf7 {[%emt 0:03:12] [#]} (28... Bc6 $16) 29. Nh4 $1 $18 {[%emt 0:01:28][%cal Oc2f5] Threatens to win with Bxf5!} Qd6 {[%emt 0:05:59] [#] ( -> ...Qh2+)} 30. Qe5 {[%emt 0:00:40] Inhibits Qh2+.} ({Don't blunder} 30. Qh5+ $2 g6 31. Bf4 (31. Qxh6 $2 Qh2+ 32. Kf1 Qh1+ 33. Ke2 Ng8+ 34. Be3 Qxe1+ 35. Kxe1 Nxh6 $19) 31... Qxf4 $19) (30. Bf4 $1 $18 Qf6 31. Bxb8 Rxb8 32. Qh5+ g6 33. Qxh6) 30... Qc6 ({Black should play} 30... Qxe5 $14 31. dxe5 g5 32. Nxf5 Nxf5 33. Bxf5 Rxe5 34. Rxe5 Bxe5) 31. Bxf5 $2 Bxe5 {[%emt 0:00:13] Weighted Error Value: White=0.56/Black=0.28 (precise)} 0-1

[Event "44th Chess Olympiad Women 2022"]
[Site "Chennai"]
[Date "2022.08.01"]
[Round "4.49"]
[White "Mwango, Lorita"]
[Black "Saraci, Rinesa"]
[Result "1-0"]
[ECO "D02"]
[WhiteElo "1920"]
[BlackElo "1494"]
[Annotator "TA"]
[PlyCount "126"]
[EventDate "2022.07.29"]
[EventType "team-tourn"]
[EventCountry "IND"]
[SourceTitle "playchess.com"]
[Source "ChessBase"]
[SourceQuality "1"]
[WhiteTeam "Zambia"]
[BlackTeam "Kosovo"]
[WhiteTeamCountry "ZAM"]
[BlackTeamCountry "KOS"]
[TimeControl "40/5400+30:1800+30"]

1. d4 Nf6 2. Nf3 e6 3. Bf4 c5 4. c3 Nc6 5. e3 d5 6. Nbd2 Nh5 7. Bg3 {[%emt 0:00:56] D02: 1 d4 d5 2 Nf3 sidelines, including 2...Nf6 3 g3 and 2...Nf6 3 Bf4.} Nxg3 8. hxg3 Qb6 9. Qb3 {[%emt 0:02:28] The position is equal.} Bd7 10. Be2 Be7 {[%emt 0:06:35] [#]} 11. O-O $146 ({Predecessor:} 11. Qc2 h6 12. a3 cxd4 13. exd4 Rc8 14. Qb3 Qc7 15. Qd1 O-O 16. Bd3 e5 17. dxe5 Nxe5 18. Nxe5 Qxe5+ {½-½ (99) Rambaldi,F (2563)-Obregon,C (2514) Chess.com INT 2018}) 11... Qxb3 12. Nxb3 c4 13. Nbd2 h5 14. Kh2 (14. b3 $11) 14... h4 (14... g5 $17) 15. gxh4 $11 Bxh4 (15... g5 $5) 16. Nxh4 Rxh4+ 17. Kg3 Rh6 18. f3 O-O-O 19. Rh1 Rdh8 20. Rxh6 Rxh6 21. f4 Ne7 22. e4 f6 23. Re1 Nc6 $2 {[%emt 0:01:31] [#]} (23... Bc6 $11) 24. exd5 $1 $18 exd5 25. Bf3 b5 26. Bxd5 Kd8 27. Bf3 Ne7 28. Kf2 (28. a4 $18) 28... Rh4 (28... Ng6 $16) 29. g3 (29. a4 $18) 29... Rh2+ $14 30. Bg2 Bh3 31. Rg1 Nd5 {[%emt 0:03:17] [#]} 32. Nf1 $1 Rxg2+ 33. Rxg2 Bxg2 34. Kxg2 $16 {[%emt 0:00:09][%mdl 4096] Endgame KN-KN} b4 35. cxb4 Nxb4 36. Nd2 Nxa2 37. Nxc4 Nb4 38. Kf3 Kd7 (38... f5 $142) 39. Ke4 g6 $2 (39... Kc6 $16 40. Ne3 g6) 40. g4 (40. d5 $142) 40... Nc6 $2 (40... Kc6 41. g5 f5+ 42. Kf3 Nc2 43. Ne5+ Kd5 44. Nxg6 Nxd4+ 45. Ke3 Nc6) 41. d5 $18 Nb4 42. g5 f5+ 43. Kd4 Ke7 44. Ne5 {[%emt 0:00:00] Black must now prevent Nc6+.} Kd6 {[%emt 0:01:40] Against Nc6} 45. Nc4+ Ke7 46. b3 a6 47. Ne3 Kd6 48. Nc4+ Ke7 49. d6+ Kd7 50. Ne5+ Kxd6 51. Nxg6 Nd5 52. Kc4 Kc6 53. Ne5+ Kd6 54. Nd3 {[%emt 0:00:36] And now g6 would win.} Ne7 55. Nb4 Ng6 56. Nd3 (56. Nxa6 $18 {Kd4 is the strong threat.} Nxf4 57. Nc5) 56... Ke6 $2 (56... Ne7 $11) 57. Kc5 {[%emt 0:00:31] Hoping for b4.} Kd7 58. Ne5+ {[%emt 0:07:25] White mates.} Nxe5 59. fxe5 f4 60. Kd4 f3 61. Ke3 f2 62. Kxf2 Ke6 63. g6 Kd5 {[%emt 0:00:07] Weighted Error Value: White=0.42/Black=0.46} 1-0

[Event "44th Chess Olympiad Women 2022"]
[Site "Chennai"]
[Date "2022.08.01"]
[Round "4.55"]
[White "Kannappan, Sigappi"]
[Black "Spinola, Divania"]
[Result "1-0"]
[ECO "C68"]
[WhiteElo "1914"]
[BlackElo "1425"]
[Annotator "TA"]
[PlyCount "127"]
[EventDate "2022.07.29"]
[EventType "team-tourn"]
[EventCountry "IND"]
[SourceTitle "playchess.com"]
[Source "ChessBase"]
[SourceQuality "1"]
[WhiteTeam "Hong Kong"]
[BlackTeam "CPV"]
[WhiteTeamCountry "HKG"]
[TimeControl "40/5400+30:1800+30"]

1. e4 e5 2. Nf3 Nc6 3. Bb5 a6 4. Bxc6 bxc6 5. O-O Nf6 (5... d6 $14) 6. Nxe5 $16 {[%emt 0:00:30] C68: Ruy Lopez: Exchange Variation, sidelines.} Qe7 7. d4 {[%emt 0:00:35] White is more active.} g6 8. Bg5 {[%emt 0:07:44] White is clearly better.} Bg7 {[%emt 0:10:39] [#]} 9. Ng4 $146 ({Predecessor:} 9. Nd2 Qe6 10. Nb3 O-O 11. Nc5 Qe8 12. Qf3 d6 13. Bxf6 dxc5 14. c3 Qe6 15. Bxg7 Kxg7 {1-0 (68) Rice,E (1746)-Smith,M (1342) Box Hill 2005}) 9... d6 {[%emt 0:02:22] [#]} (9... Qe6) 10. Nxf6+ (10. e5 $142 Bxg4 11. exf6 Bxf6 12. Bxf6 (12. Qxg4 Bxg5 13. Nc3 O-O $11) 12... Bxd1 13. Bxe7 Kxe7 14. Rxd1) 10... Bxf6 $18 11. Bxf6 Qxf6 12. e5 (12. Nc3 $18) 12... Qe6 (12... dxe5 $16 13. dxe5 Qf4) 13. exd6 Qxd6 14. Re1+ Be6 15. Nc3 $36 {[%emt 0:03:38][%cal Bb1c3,Bc3e4,Be4c5][%mdl 2080] Black is under strong pressure.} O-O (15... Rd8 $142 16. Qe2 Qxd4 17. Qxa6 (17. Rad1 Qb6 $16) 17... Qb6) 16. Ne4 Qe7 17. Nc5 Qf6 18. c3 Rfd8 19. Nxe6 fxe6 20. Qe2 Rf8 21. Qxe6+ Qxe6 22. Rxe6 {[%emt 0:00:06][%mdl 4096] Endgame KRR-KRR} Rf7 23. Rae1 Rb8 24. b3 Rbf8 25. f3 Ra8 26. Rxc6 a5 27. Rce6 a4 28. Re8+ Rf8 29. Rxa8 Rxa8 {[%emt 0:00:14] KR-KR} 30. b4 a3 31. Re7 Rc8 32. Re5 Kf7 33. Kf2 Rd8 34. Ke3 Rd7 35. Kd3 Rd6 36. Kc4 Rc6+ 37. Kb3 Kf6 38. c4 Ra6 39. b5 Ra7 40. Kb4 Ra8 41. Re3 Rb8 42. Kxa3 Ra8+ 43. Kb3 Rd8 44. d5 Kg5 45. Re7 h5 46. Rxc7 {[%emt 0:00:54] [#] Threatens to win with b6.} Re8 47. b6 Re3+ 48. Kb4 Re8 49. b7 {[%emt 0:00:07] Rc8 would kill now.} Rb8 50. Kc5 {[%emt 0:00:07] White mates.} Kf5 51. Kc6 Ke5 52. Rc8 Rxb7 53. Kxb7 {[%emt 0:00:02] KR-KPP} Kd6 54. c5+ Kxd5 55. c6 Kd4 56. c7 Ke3 57. Rg8 Kf2 58. c8=Q Kxg2 59. Rxg6+ Kxf3 60. Qf5+ Ke3 61. Rd6 h4 62. Rd3+ Ke2 63. Qf3+ Ke1 64. Rd1# {[%emt 0:00:03] Weighted Error Value: White=0.19 (very precise) /Black=0.52} 1-0

[Event "44th Chess Olympiad Women 2022"]
[Site "Chennai"]
[Date "2022.08.01"]
[Round "4.55"]
[White "Martins, Katlene Jussara"]
[Black "Deng, Jing Xin Crystal"]
[Result "0-1"]
[ECO "B30"]
[WhiteElo "1287"]
[BlackElo "1914"]
[Annotator "TA"]
[PlyCount "36"]
[EventDate "2022.07.29"]
[EventType "team-tourn"]
[EventCountry "IND"]
[SourceTitle "playchess.com"]
[Source "ChessBase"]
[SourceQuality "1"]
[WhiteTeam "CPV"]
[BlackTeam "Hong Kong"]
[BlackTeamCountry "HKG"]
[TimeControl "40/5400+30:1800+30"]

1. e4 c5 2. Nf3 Nc6 3. Nc3 g6 4. Bb5 Bg7 5. Bxc6 dxc6 6. O-O {[%emt 0:00:25] B30: Sicilian: 2...Nc6 3 Bb5, lines without ...g6.} Nf6 $1 {[%emt 0:00:12] 6...Nf6 is better than 6...e5.} 7. h3 O-O {[%emt 0:00:07] [#]} 8. d4 $146 (8. d3 $11) ({Predecessor:} 8. d3 Nd7 9. Be3 e5 10. Qd2 Re8 11. Bh6 Bh8 12. Nh2 Nf8 13. f4 exf4 14. Qxf4 Qe7 15. Bg5 Bd4+ 16. Kh1 Ne6 17. Bxe7 Nxf4 18. Bxc5 Bxc5 19. Rxf4 {0-1 (46) Bologan,V (2640)-Andreikin,D (2736) Sochi 2016}) 8... cxd4 $15 9. Nxd4 Qc7 (9... Nxe4 $5 10. Nxe4 (10. Nxc6 Qe8 $17) 10... Qxd4 11. Qxd4 Bxd4 $17) 10. Be3 Rd8 {[%emt 0:02:37] [#] ...e5 is the strong threat.} 11. Qc1 (11. Qf3 $11 {remains equal.}) 11... Nxe4 $1 $17 12. Rd1 (12. Nxe4 $17 {keeps fighting.} Bxd4 13. Bxd4 Rxd4 14. Qe3) 12... Nxc3 $19 13. bxc3 b6 14. Bh6 Bb7 15. Bxg7 Kxg7 16. Qa3 c5 17. Nb5 (17. Ne2) 17... Qc6 {[%emt 0:00:15][%csl Gb7,LRb5,LRg2][%cal Rc6g2] [#]} 18. Nxa7 Qxg2# {[%emt 0:00:09] Weighted Error Value: White=1.11/Black=0.08 (flawless)} 0-1

[Event "44th Chess Olympiad Women 2022"]
[Site "Chennai"]
[Date "2022.08.01"]
[Round "4.78"]
[White "La Fleur, Zara"]
[Black "Morales Santos, Natasha"]
[Result "1/2-1/2"]
[ECO "C01"]
[WhiteElo "1513"]
[BlackElo "1924"]
[Annotator "TA"]
[PlyCount "78"]
[EventDate "2022.07.29"]
[EventType "team-tourn"]
[EventCountry "IND"]
[SourceTitle "playchess.com"]
[Source "ChessBase"]
[SourceQuality "1"]
[WhiteTeam "TTO"]
[BlackTeam "Puerto Rico"]
[BlackTeamCountry "PUR"]
[TimeControl "40/5400+30:1800+30"]

1. e4 e6 2. d4 d5 3. exd5 exd5 4. Nf3 Bd6 5. Bd3 Ne7 6. Bg5 f6 7. Bh4 O-O 8. O-O Nf5 9. Nbd2 {[%emt 0:02:19] C01: French: Exchange Variation.} Nc6 10. c3 Nce7 11. Qc2 g6 {[%emt 0:03:19] [#]} 12. Rfe1 $146 ({Predecessor:} 12. Rae1 Kg7 13. Bg3 Nxg3 14. hxg3 c6 15. Nh4 Qe8 16. Re3 Qf7 17. Rfe1 Bd7 18. Qb3 {0-1 (79) Beliotis,G (1954)-Drazic,S (2432) Loutraki 2015}) 12... c6 13. c4 Qc7 14. Bg3 $1 Nxg3 15. hxg3 dxc4 16. Bxc4+ Kg7 17. Be6 ({Better is} 17. Ne4 $14) 17... Bb4 18. a3 Bxd2 19. Qxd2 Qd6 {[%emt 0:01:22] Against d5} 20. Bxc8 (20. d5 {with more complications.} Nxd5 21. Nd4 Kh8 22. Nb5) 20... Raxc8 21. Rad1 Rcd8 22. Qa5 a6 23. Rd3 ({White should play} 23. Nd2 $14) 23... Rd7 24. Rde3 {[%emt 0:08:12] [#] Threatens to win with Re6.} Nf5 25. Re6 Qd5 26. Qb4 Rff7 27. R6e4 a5 28. Qc5 a4 29. g4 Nd6 30. Qxd5 cxd5 31. R4e2 h6 32. Nd2 b5 33. Nb1 f5 34. Nc3 (34. gxf5 $1 $11 {might be stronger.} Nxf5 35. Rd2) 34... fxg4 $15 35. Re5 Nc4 36. Rxd5 Rxd5 37. Nxd5 Rd7 (37... Nxb2 $17 {And now ...Nc4 would win.} 38. Nc3 b4 39. axb4 Rc7) 38. Nc3 $11 Rxd4 39. Nxb5 Rd2 {[%emt 0:00:32] Weighted Error Value: White=0.14 (very precise) /Black=0.12 (very precise)} 1/2-1/2